HSSL
BISHOP AMAT HS @ SANTA FE HS CHIEFS
04/14/2026
 
TOP OF THE 1ST
Bishop Amat HS batting - Pitching for Santa Fe HS Chiefs : RHP Tom Lindsey
Pitching: RHP Tom Lindsey
Batting: RHB Lou Perry 0-0: Reached on Error, E8 (Flyball, 8RM)
Batting: RHB Ken Pérez 0-0: Swinging Strike
0-1: Fly out, F8 (Flyball, 8LM)
Batting: LHB Mathew Clayton 0-0: Called Strike
0-1: Ball
1-1: Fly out, F9 (Flyball, 9M)
Batting: RHB Ralph Petit 0-0: Ball
1-0: Ball
2-0: Ball
3-0: Called Strike
3-1: Base on Balls
Lou Perry to second
Batting: LHB B.J. Ware 0-0: Ball
1-0: Ball
2-0: Ball
3-0: Base on Balls
Lou Perry to third
Ralph Petit to second
Batting: RHB Steve Bañuelos 0-0: Called Strike
0-1: Swinging Strike
0-2: Ball
1-2: Strikes out looking
Top of the 1st over - 0 run(s), 0 hit(s), 1 error(s), 3 left on base; Bishop Amat HS 0 - Santa Fe HS 0
BOTTOM OF THE 1ST
Santa Fe HS Chiefs batting - Pitching for Bishop Amat HS : RHP Alfredo Sánchez
Pitching: RHP Alfredo Sánchez
Batting: RHB William Todd 0-0: Ball
1-0: Ball
2-0: Ball
3-0: Base on Balls
Batting: RHB Thomas Barnes 0-0: Swinging Strike
0-1: Hit by Pitch
William Todd to second
Batting: LHB Derrek Robinson 0-0: Fielders Choice at 2nd, 6-4 (Groundball, 6M)
William Todd to third
Batting: RHB Juan Carlos Cruz 0-0: Called Strike
0-1: Ball
1-1: Ball
2-1: Ball
3-1: Swinging Strike
3-2: Foul Ball, location: 2F
3-2: Foul Ball, location: 2F
3-2: Base on Balls
Derrek Robinson to second
Batting: SHB Rick Hilton 0-0: Swinging Strike
0-1: Ball
1-1: Ball
2-1: Swinging Strike
2-2: Ball
3-2: Foul Ball, location: 2F
3-2: Strikes out looking
Batting: LHB Adrian Neal 0-0: Foul Ball, location: 2F
0-1: Swinging Strike
0-2: Strikes out swinging
Bottom of the 1st over - 0 run(s), 0 hit(s), 0 error(s), 3 left on base; Bishop Amat HS 0 - Santa Fe HS 0
TOP OF THE 2ND
Bishop Amat HS batting - Pitching for Santa Fe HS Chiefs : RHP Tom Lindsey
Batting: RHB Ben Martin 0-0: SINGLE (Groundball, 6MD)
Batting: RHB Andrew Miller 0-0: SINGLE (Groundball, 6D)
Ben Martin to second
Batting: RHB Alan Williams 0-0: Ball
1-0: Called Strike
1-1: Swinging Strike
1-2: Foul Ball, location: 2F
1-2: Ball
2-2: Ball
3-2: Strikes out swinging
Batting: RHB Lou Perry 0-0: Ball
1-0: Called Strike
1-1: Ball
Ben Martin is caught stealing 3rd base
Andrew Miller to second
2-1: SINGLE (Groundball, 6)
Andrew Miller to third
Runner from 3rd tries for Home, SAFE, throw made home
Lou Perry to second
Batting: RHB Ken Pérez 0-0: Foul Ball, location: 2F
0-1: Ball
1-1: SINGLE (Groundball, 34)
Lou Perry to third
Runner from 3rd tries for Home, SAFE, no throw or cutoff
Batting: LHB Mathew Clayton 0-0: Ball
1-0: SINGLE (Groundball, 6MD)
Ken Pérez to second
Batting: RHB Ralph Petit 0-0: Swinging Strike
0-1: Foul Ball, location: 2F
0-2: Ball
1-2: Ball
2-2: Foul Ball, location: 2F
2-2: Fielders Choice at 2nd, U4 (Groundball, 4M)
Top of the 2nd over - 2 run(s), 5 hit(s), 0 error(s), 2 left on base; Bishop Amat HS 2 - Santa Fe HS 0
BOTTOM OF THE 2ND
Santa Fe HS Chiefs batting - Pitching for Bishop Amat HS : RHP Alfredo Sánchez
Batting: RHB Carlos Gómez 0-0: Ball
1-0: Ball
2-0: Foul Ball, location: 2F
2-1: Called Strike
2-2: Strikes out swinging
Batting: LHB Paul Starr 0-0: Ball
1-0: Ball
2-0: Ball
3-0: Called Strike
3-1: Fly out, F9 (Flyball, 89M)
Batting: RHB Brady Holland 0-0: Ball
1-0: Ball
2-0: Ball
3-0: Called Strike
3-1: Swinging Strike
3-2: Base on Balls
Batting: RHB William Todd 0-0: Ball
1-0: Ball
2-0: Ball
3-0: Called Strike
3-1: Foul Ball, location: 2F
3-2: Strikes out swinging
Bottom of the 2nd over - 0 run(s), 0 hit(s), 0 error(s), 1 left on base; Bishop Amat HS 2 - Santa Fe HS 0
TOP OF THE 3RD
Bishop Amat HS batting - Pitching for Santa Fe HS Chiefs : RHP Tom Lindsey
Batting: LHB B.J. Ware 0-0: SINGLE (Groundball, 56)
Batting: RHB Steve Bañuelos 0-0: Ball
1-0: Ball
B.J. Ware is caught stealing 2nd base
2-0: Called Strike
2-1: Ball
3-1: SINGLE (Groundball, 4MD)
Batting: RHB Ben Martin 0-0: Ball
1-0: Ball
2-0: Ball
3-0: Called Strike
3-1: Swinging Strike
3-2: Strikes out swinging
Batting: RHB Andrew Miller 0-0: Called Strike
Throwing error on steal attempt, E2
Steve Bañuelos to third
0-1: Swinging Strike
0-2: Strikes out swinging
Top of the 3rd over - 0 run(s), 2 hit(s), 1 error(s), 1 left on base; Bishop Amat HS 2 - Santa Fe HS 0
BOTTOM OF THE 3RD
Santa Fe HS Chiefs batting - Pitching for Bishop Amat HS : RHP Alfredo Sánchez
Batting: RHB Thomas Barnes 0-0: Ball
1-0: Called Strike
1-1: Ball
2-1: Foul Ball, location: 2F
2-2: Strikes out swinging
Batting: LHB Derrek Robinson 0-0: Ball
1-0: Ball
2-0: Ball
3-0: Called Strike
3-1: SOLO HOME RUN (Flyball, 89XD), Distance : 433 ft
Batting: RHB Juan Carlos Cruz Single, Error in OF, E7, batter to second base
Batting: SHB Rick Hilton 0-0: Ball
1-0: Foul Ball, location: 2F
1-1: Foul Ball, location: 2F
1-2: Ball
2-2: Strikes out looking
Batting: LHB Adrian Neal 0-0: Called Strike
0-1: Ball
1-1: SINGLE (Groundball, 4M)
Juan Carlos Cruz to third
Runner from 3rd tries for Home, SAFE, no throw or cutoff
Batting: RHB Carlos Gómez 0-0: Called Strike
0-1: Ball
1-1: Swinging Strike
1-2: Ball
2-2: Reached on error, E6 (Groundball, 6)
Adrian Neal to third
Batting: LHB Paul Starr 0-0: Called Strike
0-1: Ball
1-1: Fly out, F8 (Flyball, 8LM)
Bottom of the 3rd over - 2 run(s), 3 hit(s), 2 error(s), 2 left on base; Bishop Amat HS 2 - Santa Fe HS 2
TOP OF THE 4TH
Bishop Amat HS batting - Pitching for Santa Fe HS Chiefs : RHP Tom Lindsey
Batting: RHB Alan Williams 0-0: Called Strike
0-1: Foul Ball, location: 2F
0-2: Ball
1-2: Ball
2-2: Ball
3-2: Foul Ball, location: 2F
3-2: SINGLE (Flyball, 78M)
Batting: RHB Lou Perry 0-0: Foul Ball, location: 2F
0-1: Reached on error, E5 (Groundball, 5L)
Alan Williams to second
Batting: RHB Ken Pérez 0-0: Foul Ball, location: 2F
0-1: Swinging Strike
0-2: Ball
1-2: Ball
2-2: Foul Ball, location: 2F
2-2: Strikes out swinging
Batting: LHB Mathew Clayton 0-0: Called Strike
0-1: Ball
1-1: Ball
2-1: Ball
3-1: TRIPLE (Line Drive, 9LM)
Alan Williams scores
Lou Perry scores
Batting: RHB Ralph Petit 0-0: Ball
1-0: Foul Ball, location: 2F
1-1: Ground out 5-3 (Groundball, 56)
Mathew Clayton scores
Batting: LHB B.J. Ware 0-0: Called Strike
0-1: Foul Ball, location: 2F
0-2: Ball
1-2: Ball
2-2: Ball
3-2: SOLO HOME RUN (Flyball, 9D), Distance : 394 ft
Batting: RHB Steve Bañuelos 0-0: Ball
1-0: Fly out, F9 (Flyball, 89M)
Top of the 4th over - 4 run(s), 3 hit(s), 1 error(s), 0 left on base; Bishop Amat HS 6 - Santa Fe HS 2
BOTTOM OF THE 4TH
Santa Fe HS Chiefs batting - Pitching for Bishop Amat HS : RHP Alfredo Sánchez
Batting: RHB Brady Holland 0-0: Ball
1-0: Ball
2-0: Ball
3-0: Base on Balls
Batting: RHB William Todd 0-0: Ball
1-0: Ball
2-0: Called Strike
2-1: Swinging Strike
2-2: Foul Ball, location: 2F
2-2: Ground out 2-3 (Groundball, 25)
Brady Holland to second
Pitching: RHP Michael Miller
Batting: RHB Thomas Barnes 0-0: Ball
1-0: Foul Ball, location: 2F
1-1: Fly out, F7 (Flyball, 7LMF)
Batting: LHB Derrek Robinson 0-0: Swinging Strike
0-1: Called Strike
0-2: Ball
1-2: Ball
2-2: Fly out, F6 (Line Drive, 6)
Bottom of the 4th over - 0 run(s), 0 hit(s), 0 error(s), 1 left on base; Bishop Amat HS 6 - Santa Fe HS 2
TOP OF THE 5TH
Bishop Amat HS batting - Pitching for Santa Fe HS Chiefs : RHP Tom Lindsey
Pitching: RHP Charles Edwards
Batting: RHB Ben Martin 0-0: DOUBLE (Flyball, 89M)
Batting: RHB Andrew Miller 0-0: Called Strike
0-1: Swinging Strike
0-2: Ball
1-2: Strikes out swinging
Batting: RHB Alan Williams 0-0: Called Strike
0-1: Ball
1-1: SINGLE (Flyball, 7S) - OUT at second base trying to stretch hit.
Ben Martin scores
Batting: RHB Lou Perry 0-0: Swinging Strike
0-1: Foul Ball, location: 2F
0-2: Strikes out swinging
Top of the 5th over - 1 run(s), 2 hit(s), 0 error(s), 0 left on base; Bishop Amat HS 7 - Santa Fe HS 2
BOTTOM OF THE 5TH
Santa Fe HS Chiefs batting - Pitching for Bishop Amat HS : RHP Michael Miller
Batting: RHB Juan Carlos Cruz 0-0: Foul Ball, location: 2F
0-1: SINGLE (Groundball, 4MD)
Batting: SHB Rick Hilton 0-0: Called Strike
0-1: Ball
1-1: Swinging Strike
1-2: Fly out, F7 (Flyball, 7M)
Batting: LHB Adrian Neal 0-0: Ball
1-0: Ball
2-0: Ball
3-0: Base on Balls
Juan Carlos Cruz to second
Batting: RHB Carlos Gómez 0-0: SINGLE (Line Drive, 4M)
Juan Carlos Cruz to third
Adrian Neal to second
Batting: LHB Paul Starr 0-0: Foul Ball, location: 2F
0-1: Swinging Strike
0-2: Strikes out swinging
Batting: RHB Brady Holland 0-0: Called Strike
0-1: Ball
1-1: Ball
2-1: Ball
3-1: Base on Balls
Juan Carlos Cruz scores
Adrian Neal to third
Carlos Gómez to second
Batting: RHB William Todd 0-0: Ball
1-0: Ball
2-0: Called Strike
2-1: Swinging Strike
2-2: Foul Ball, location: 2F
2-2: Foul Ball, location: 2F
2-2: Strikes out swinging
Bottom of the 5th over - 1 run(s), 2 hit(s), 0 error(s), 3 left on base; Bishop Amat HS 7 - Santa Fe HS 3
TOP OF THE 6TH
Bishop Amat HS batting - Pitching for Santa Fe HS Chiefs : RHP Charles Edwards
Batting: RHB Ken Pérez 0-0: SOLO HOME RUN (Flyball, 7D), Distance : 390 ft
Batting: LHB Mathew Clayton 0-0: SINGLE (Groundball, 34D)
Batting: RHB Ralph Petit 0-0: Ball
1-0: Called Strike
1-1: Ball
2-1: Ball
3-1: Base on Balls
Mathew Clayton to second
Batting: LHB B.J. Ware 0-0: Ball
1-0: Fly out, F7 (Line Drive, 78M)
Batting: RHB Steve Bañuelos 0-0: Ball
1-0: Ball
2-0: Foul Ball, location: 2F
2-1: Foul Ball, location: 2F
2-2: Foul Ball, location: 2F
2-2: Foul Ball, location: 2F
2-2: Ball
3-2: Foul Ball, location: 2F
3-2: Base on Balls
Mathew Clayton to third
Ralph Petit to second
Batting: RHB Ben Martin 0-0: Fly out, F8 (Flyball, 8RM)
Runner from 3rd tags up, SCORES, no throw
Pitching: RHP Peter Russell
Batting: RHB Andrew Miller 0-0: Called Strike
0-1: Ball
1-1: Called Strike
1-2: Ball
2-2: Ball
3-2: Strikes out swinging
Top of the 6th over - 2 run(s), 2 hit(s), 0 error(s), 2 left on base; Bishop Amat HS 9 - Santa Fe HS 3
BOTTOM OF THE 6TH
Santa Fe HS Chiefs batting - Pitching for Bishop Amat HS : RHP Michael Miller
Batting: RHB Thomas Barnes 0-0: Ground out 3-1 (Groundball, 34S)
Batting: LHB Derrek Robinson 0-0: Swinging Strike
0-1: SINGLE (Line Drive, 6D)
Batting: RHB Juan Carlos Cruz 0-0: Ball
1-0: SINGLE (Groundball, 4MD)
Derrek Robinson to second
Batting: SHB Rick Hilton 0-0: Ball
1-0: Ball
2-0: Called Strike
2-1: Ball
3-1: Called Strike
3-2: Base on Balls
Derrek Robinson to third
Juan Carlos Cruz to second
Batting: LHB Adrian Neal 0-0: Ball
1-0: Ball
2-0: Called Strike
2-1: Fly out, F9 (Flyball, 9M)
Runner from 3rd tags up, SCORES, no throw
Batting: RHB Carlos Gómez 0-0: Ball
1-0: Ball
2-0: Ball
3-0: Called Strike
3-1: DOUBLE (Groundball, 5L)
Juan Carlos Cruz scores
Rick Hilton to third
Pitching: RHP Carlos Fernández
Batting: LHB Paul Starr 0-0: Foul Ball, location: 2F
0-1: Called Strike
0-2: Strikes out swinging
Bottom of the 6th over - 2 run(s), 3 hit(s), 0 error(s), 2 left on base; Bishop Amat HS 9 - Santa Fe HS 5
TOP OF THE 7TH
Bishop Amat HS batting - Pitching for Santa Fe HS Chiefs : RHP Peter Russell
Batting: RHB Alan Williams 0-0: Foul Ball, location: 2F
0-1: Ball
1-1: SOLO HOME RUN (Flyball, 8LXD), Distance : 445 ft
Batting: RHB Lou Perry 0-0: SOLO HOME RUN (Flyball, 7D), Distance : 405 ft
Batting: RHB Ken Pérez 0-0: Ball
1-0: Foul Ball, location: 2F
1-1: Called Strike
1-2: Ball
2-2: Foul Ball, location: 2F
2-2: SINGLE (Line Drive, 8LS)
Batting: LHB Mathew Clayton 0-0: Called Strike
0-1: Ball
1-1: Called Strike
1-2: Ball
2-2: Fielders Choice at 2nd, 4-6 (Groundball, 4)
Batting: RHB Ralph Petit 0-0: Ball
1-0: Foul Ball, location: 2F
1-1: SINGLE (Groundball, 5D)
Mathew Clayton to second
Batting: LHB B.J. Ware 0-0: Called Strike
0-1: Ball
1-1: Ball
2-1: DOUBLE (Line Drive, 5D)
Mathew Clayton scores
Ralph Petit to third
Runner from 3rd tries for Home, SAFE, no throw or cutoff
Pitching: RHP Cullen Rivera
Batting: RHB Steve Bañuelos 0-0: Called Strike
0-1: Foul Ball, location: 2F
0-2: Ball
1-2: Strikes out swinging
Batting: RHB Ben Martin 0-0: Foul Ball, location: 2F
0-1: Ball
1-1: Called Strike
1-2: Strikes out swinging
Top of the 7th over - 4 run(s), 5 hit(s), 0 error(s), 1 left on base; Bishop Amat HS 13 - Santa Fe HS 5
BOTTOM OF THE 7TH
Santa Fe HS Chiefs batting - Pitching for Bishop Amat HS : RHP Carlos Fernández
Batting: RHB Brady Holland 0-0: Ball
1-0: Swinging Strike
1-1: SINGLE (Groundball, 5)
Batting: RHB William Todd 0-0: Called Strike
0-1: Called Strike
0-2: Ball
1-2: Ball
2-2: Strikes out looking
Batting: RHB Thomas Barnes 0-0: Ball
1-0: Ball
2-0: Ball
3-0: Called Strike
3-1: Foul Ball, location: 2F
3-2: Fielders Choice at 2nd, 4-6 (Groundball, 34)
Batting: LHB Derrek Robinson 0-0: Ball
1-0: Called Strike
1-1: Ball
2-1: Foul Ball, location: 2F
2-2: Foul Ball, location: 2F
2-2: Foul Ball, location: 2F
2-2: Foul Ball, location: 2F
2-2: Ball
Thomas Barnes steals 2nd base
3-2: Ground out 3-6 (Groundball, 3)
Bottom of the 7th over - 0 run(s), 1 hit(s), 0 error(s), 1 left on base; Bishop Amat HS 13 - Santa Fe HS 5
TOP OF THE 8TH
Bishop Amat HS batting - Pitching for Santa Fe HS Chiefs : RHP Cullen Rivera
Batting: RHB Andrew Miller 0-0: Ball
1-0: Foul Ball, location: 2F
1-1: Foul Ball, location: 2F
1-2: Ground out 6-3 (Groundball, 6M)
Batting: RHB Alan Williams 0-0: Ball
1-0: Called Strike
1-1: SINGLE (Groundball, 6)
Batting: RHB Lou Perry 0-0: Ball
1-0: Fly out, F9 (Flyball, 9LM)
Batting: RHB Ken Pérez 0-0: Ball
1-0: Ball
2-0: Ball
3-0: Called Strike
3-1: SINGLE (Flyball, 8LS)
Alan Williams to second
Batting: LHB Mathew Clayton 0-0: Ball
1-0: Ball
2-0: Called Strike
2-1: Fly out, F9 (Flyball, 89M)
Top of the 8th over - 0 run(s), 2 hit(s), 0 error(s), 2 left on base; Bishop Amat HS 13 - Santa Fe HS 5
BOTTOM OF THE 8TH
Santa Fe HS Chiefs batting - Pitching for Bishop Amat HS : RHP Carlos Fernández
Batting: RHB Juan Carlos Cruz 0-0: SINGLE (Flyball, 8LS)
Batting: SHB Rick Hilton 0-0: Ball
1-0: Grounds out, U3 (Groundball, 3L)
Batting: LHB Adrian Neal 0-0: Ball
1-0: Fly out, F3 (Line Drive, 3)
Batting: RHB Carlos Gómez 0-0: Ball
1-0: SINGLE (Flyball, 8RM)
Juan Carlos Cruz to third
Runner from 3rd tries for Home, SAFE, throw made home
Carlos Gómez to second
Batting: LHB Paul Starr 0-0: Swinging Strike
0-1: Ball
Wild Pitch!
Carlos Gómez to third
1-1: Foul Ball, location: 2F
1-2: Fly out, F8 (Flyball, 8LD)
Bottom of the 8th over - 1 run(s), 2 hit(s), 0 error(s), 1 left on base; Bishop Amat HS 13 - Santa Fe HS 6
TOP OF THE 9TH
Bishop Amat HS batting - Pitching for Santa Fe HS Chiefs : RHP Cullen Rivera
Batting: RHB Ralph Petit 0-0: Called Strike
0-1: Foul Ball, location: 2F
0-2: Ball
1-2: Foul Ball, location: 2F
1-2: Ball
2-2: Strikes out swinging
Batting: LHB B.J. Ware 0-0: Swinging Strike
0-1: Called Strike
0-2: Ball
1-2: Ball
2-2: Ball
3-2: Base on Balls
Batting: RHB Steve Bañuelos 0-0: Called Strike
0-1: Ball
1-1: Ball
2-1: Foul Ball, location: 2F
2-2: Ball
3-2: Base on Balls
B.J. Ware to second
Pitching: RHP Bob Patterson
Batting: RHB Ben Martin 0-0: Called Strike
0-1: SINGLE (Groundball, 6)
B.J. Ware to third
Steve Bañuelos to second
Runner from 3rd tries for Home, SAFE, no throw or cutoff
Batting: RHB Andrew Miller 0-0: Ball
1-0: Ball
2-0: Ball
3-0: Called Strike
3-1: Base on Balls
Steve Bañuelos to third
Ben Martin to second
Batting: RHB Alan Williams 0-0: Foul Ball, location: 2F
0-1: Ball
1-1: Ball
2-1: Ground out 5-3 (Groundball, 6)
Steve Bañuelos scores
Ben Martin to third
Andrew Miller to second
Batting: RHB Lou Perry 0-0: Called Strike
0-1: Called Strike
0-2: Ball
1-2: Ground out 5-3 (Groundball, 56S)
Top of the 9th over - 2 run(s), 1 hit(s), 0 error(s), 2 left on base; Bishop Amat HS 15 - Santa Fe HS 6
BOTTOM OF THE 9TH
Santa Fe HS Chiefs batting - Pitching for Bishop Amat HS : RHP Carlos Fernández
Batting: RHB Brady Holland 0-0: Hit by Pitch
Batting: RHB William Todd 0-0: Ball
1-0: Ball
2-0: Ball
3-0: Base on Balls
Brady Holland to second
Batting: RHB Thomas Barnes 0-0: Ball
1-0: Ball
2-0: Called Strike
2-1: Foul Ball, location: 2F
2-2: Strikes out swinging
Pitching: RHP Carlos López
Batting: LHB Derrek Robinson 0-0: Ball
1-0: Called Strike
1-1: SINGLE (Flyball, 8LS)
Brady Holland to third
William Todd to second
Batting: RHB Juan Carlos Cruz 0-0: Called Strike
0-1: SINGLE (Groundball, 6MD)
Brady Holland scores
William Todd to third
Derrek Robinson to second
Runner from 3rd tries for Home, SAFE, no throw or cutoff
Batting: SHB Rick Hilton 0-0: Called Strike
0-1: Ball
1-1: Called Strike
1-2: Ball
2-2: Foul Ball, location: 2F
2-2: Ball
3-2: Base on Balls
Derrek Robinson to third
Juan Carlos Cruz to second
Batting: LHB Adrian Neal 0-0: Ball
1-0: Called Strike
1-1: SINGLE (Line Drive, 34D)
Derrek Robinson scores
Juan Carlos Cruz to third
Rick Hilton to second
Runner from 3rd tries for Home, throw and OUT!
Rick Hilton to third
Adrian Neal to second
Batting: RHB Carlos Gómez 0-0: Fly out, F5 (Popup, 25)
Bottom of the 9th over - 3 run(s), 3 hit(s), 0 error(s), 2 left on base; Bishop Amat HS 15 - Santa Fe HS 9
Monday, December 5th, 2016 - OOTP Baseball 17.12 Build 75